 Dungeon Crawl Stone Soup version 0.31-a0-819-gf6de2f5ab6 (webtiles) character file.

Game seed: 11581467609703759830

26 Shayle the Ducker (level 3, 0/36 HPs)
             Began as an Ogre Hexslinger on Sept 24, 2023.
             Slain by an adder (1 damage)
             ... on level 2 of the Dungeon.
             The game lasted 00:01:18 (656 turns).

Shayle the Ducker (Ogre Hexslinger)                  Turns: 656, Time: 00:01:18

Health: 0/36       AC:  3    Str: 12    XL:     3   Next: 8%
Magic:  4/4        EV: 10    Int: 14    God:
Gold:   46         SH:  0    Dex: 13    Spells: 4/4 levels left

rFire   . . .        a - +1 sling
rCold   . . .        (no shield)
rNeg    . . .        c - +0 robe
rPois   .            (helmet restricted)
rElec   .            (no cloak)
rCorr   .            (gloves unavailable)
SInv    .            (boots unavailable)
Will    .....        (no amulet)
Stlth   +            (no ring)
HPRegen 0.26/turn    (no ring)
MPRegen 0.09/turn

%: no passive effects
@: mighty, lethally poisoned (0 -> -5)
A: large, unfitting armour, tough skin 1, antennae 1, MP-powered wands
a: no special abilities


You were on level 2 of the Dungeon.
You visited 1 branch of the dungeon, and saw 2 of its levels.

You collected 46 gold pieces.

Inventory:

Hand Weapons
 a - a +1 sling (weapon)
Armour
 c - a +0 robe (worn)
Scrolls
 b - a scroll of poison
 d - 2 scrolls of fog {unknown}
 f - a scroll of revelation {unknown}
 h - a scroll of teleportation {unknown}
 i - 3 scrolls of identify {unknown}


   Skills:
 + Level 2.5 Fighting
 - Level 1.3 Ranged Weapons
 * Level 2.7 Dodging
 - Level 1.2 Spellcasting
 - Level 2.6 Hexes
 - Level 0.8 Fire Magic


You had 4 spell levels left.
You didn't know any spells.
Your spell library contained the following spells:

 Spells                   Type           Power      Damage    Failure   Level
 Jinxbite                 Hex            16%        N/A       13%         2
 Sigil of Binding         Hex            8%         N/A       26%         3
 Inner Flame              Hex/Fire       5%         N/A       36%         3
 Cause Fear               Hex            4%         N/A       65%         4
 Dimensional Bullseye     Hex/Tloc       2%         N/A       83%         4


Dungeon Overview and Level Annotations

Branches:
Dungeon (2/15)

Altars:


Innate Abilities, Weirdness & Mutations

You are too large for most types of armour.
You have tough skin. (AC +1)
You have a pair of small antennae on your head.
You expend magic power (3 MP) to strengthen your wands.


Message History

You shoot a sling bullet.
The sling bullet barely misses the adder.
You feel sick. The adder bites you.
You are more poisoned.
The adder poisons you!
You shoot a sling bullet.
The sling bullet barely misses the adder.
You feel very sick. The adder barely misses you.
The adder bites you but does no damage.
You shoot a sling bullet.
The sling bullet barely misses the adder.
You feel sick.
The adder bites you but does no damage. x2
You are too injured to fight recklessly!
You are too injured to fight recklessly!
You are too injured to fight recklessly!
You are too injured to fight recklessly!
You shoot a sling bullet.
The sling bullet closely misses the adder.
You feel sick. The adder bites you. The adder barely misses you.
You shoot a sling bullet.
The sling bullet closely misses the adder.
You feel sick. The adder bites you.
You shoot a sling bullet. The sling bullet hits the adder.
The adder is heavily wounded.
You feel sick. The adder bites you.
* * * LOW HITPOINT WARNING * * *
You are more poisoned.
The adder poisons you! The adder bites you.
* * * LOW HITPOINT WARNING * * *
It was a potion of might.
You feel very mighty all of a sudden.
* * * LOW HITPOINT WARNING * * *
You feel sick. The adder bites you.
* * * LOW HITPOINT WARNING * * *
It was a potion of mutation.
You feel extremely strange. A pair of antennae grows on your head!
You feel your magical essence link to the dungeon's wands.
* * * LOW HITPOINT WARNING * * *
You feel sick. The adder bites you.
You die...

##### #<..#
#†..# #...#
#...##
#....#########.
#..............
#...##.@.......
#...##..S......
#...##..(......
#...##.........
######.:.......
#.........
#.........
#.........


You could see an adder.

Vanquished Creatures
  3 ball pythons (D:1)
  6 endoplasms
  A giant cockroach (D:1)
  2 goblins (D:1)
  2 hobgoblins
  2 quokkas (D:1)
  2 frilled lizards (D:2)
  3 kobolds (D:1)
  3 rats (D:1)
24 creatures vanquished.

Notes
Turn   | Place    | Note
-------+----------+-------------------------------------------
     0 | D:1      | Shayle the Ogre Hexslinger began the quest for the Orb.
     0 | D:1      | Reached XP level 1. HP: 19/19 MP: 2/2
   145 | D:1      | Reached XP level 2. HP: 28/28 MP: 3/3
   635 | D:2      | Reached XP level 3. HP: 36/36 MP: 4/4
   656 | D:2      | Gained mutation: You have a pair of small antennae on your
                  | head. [potion of mutation]
   656 | D:2      | Gained mutation: You expend magic power (3 MP) to
                  | strengthen your wands. [potion of mutation]
   656 | D:2      | HP: 1/36 [poisoned by an adder]
   656 | D:2      | Slain by an adder

Illustrated notes

Levels and vault maps discovered:
D:1:      psy_arrival_spokes, layout_basic
D:2:      layout_rooms, minivault_27

Skill      XL: |  1  2 |
---------------+-------+-----
Dodging        | 2 |  2.7
Fighting       | 2 |  2.5
Ranged Weapons | |  1.3
Spellcasting   | |  1.2
Hexes          | |  2.6
Fire Magic     | |  0.8

Action                     || total
---------------------------++-------
   Fire: Sling             ||    81
    Use: Potion            ||     2
 Armour: Robe              ||    28
  Dodge: Dodged            ||    23

Table legend: (Time is in decaauts)
 A = Elapsed time spent in this place.
 B = Non-inter-level travel time spent in this place.
 C = Inter-level travel time spent in this place.
 D = Time resting spent in this place.
 E = Time spent auto-exploring this place.
 F = Levels seen in this place.
 G = Mean time per level.
                   A        B        C        D        E       F      G
               +--------+--------+--------+--------+--------+-----+--------+
         Total |    682 |    647 |     35 |      0 |    505 |   2 |  341.0 |
       Dungeon |    682 |    647 |     35 |      0 |    505 |   2 |  341.0 |
               +--------+--------+--------+--------+--------+-----+--------+

Top non-repeatable levels by time:
     D:1: 646 daAuts
     D:2: 36 daAuts
